 Dungeon Crawl Stone Soup version 0.29-a0-284-gf9362112df (webtiles) character file.

Game seed: 17960351835374641038

10731 spaghetti the Nimble (level 11, -7/132 HPs)
             Began as a Demigod Wanderer on Mar 24, 2022.
             Mangled by a skeletal warrior
             ... wielding a +0 trident
             ... led by a skeletal warrior
              (15 damage)
             ... on level 11 of the Dungeon.
             The game lasted 00:28:56 (15477 turns).

spaghetti the Nimble (Demigod Wanderer)            Turns: 15477, Time: 00:28:57

Health: -7/132     AC: 25    Str: 12    XL:     11   Next: 17%
Magic:  17/17      EV:  2    Int: 19    God:
Gold:   298        SH:  0    Dex: 21    Spells: 9/13 levels left

rFire   . . .      SeeInvis .   b - +2 short sword (holy) {short}
rCold   . . .      Faith    .   d - +0 buckler
rNeg    . . .      Spirit   .   (body armour currently unavailable)
rPois   +          Reflect  .   (helmet currently unavailable)
rElec   .          Harm     .   (cloak currently unavailable)
rCorr   .          Rampage  .   (gloves currently unavailable)
Will    +....      NoTele   +   (boots currently unavailable)
Stlth   +.........              j - amulet of the acrobat
HPRegen 0.32/turn               l - +4 ring of evasion
MPRegen 0.15/turn               P - +4 ring of slaying

@: confused, tree-form, ambrosia-drunk, very slightly contaminated
A: stationary, stasis, torment immunity, boosted hp, high MP 1, forlorn, divine
attributes, sense surroundings 1
a: no special abilities


You were on level 11 of the Dungeon.
You were a tree.
You visited 1 branch of the dungeon, and saw 11 of its levels.

You collected 718 gold pieces.
You spent 420 gold pieces at shops.


Innate Abilities, Weirdness & Mutations

You are a tree.
Your roots penetrate the ground, keeping you stationary.
You cannot be teleported.
You are immune to unholy pain and torment.
Your maximum health is greatly increased.
Your equipment is partially melded.
You have an increased reservoir of magic. (+10% MP)
You shall have no god before yourself.
Your divine heritage dramatically boosts your attributes as you level up.
You passively map a small area around you.


   Skills:
 - Level 5.2 Fighting
 - Level 10.5 Short Blades
 + Level 11.7 Dodging
 - Level 2.0 Shields
 - Level 1.7 Spellcasting
 - Level 1.8 Necromancy
 - Level 2.7 Air Magic


You had 9 spell levels left.
You knew the following spells:

 Your Spells              Type           Power      Damage    Failure   Level
a - Pain                  Necr           32%        1d5       11%         1
b - Swiftness             Air            11%        N/A       22%         3

Your spell library contained the following spells:

 Spells                   Type           Power      Damage    Failure   Level
 Animate Skeleton         Necr           16%        N/A       11%         1
 Shock                    Conj/Air       24%        1d4       13%         1
 Vampiric Draining        Necr           8%         2d6       32%         3
 Ensorcelled Hibernation  Hex/Ice        2%         N/A       34%         2
 Passwall                 Tmut/Erth      0%         N/A       34%         2
 Gell's Gravitas          Tloc           1%         N/A       56%         3
 Portal Projectile        Hex/Tloc       2%         N/A       56%         3
 Teleport Other           Tloc           1%         N/A       56%         3
 Tukima's Dance           Hex            1%         N/A       56%         3
 Anguish                  Hex/Necr       2%         N/A       83%         4
 Passage of Golubria      Tloc           1%         N/A       92%         4
 Petrify                  Tmut/Erth      1%         N/A       92%         4
 Summon Ice Beast         Ice/Summ       1%         N/A       92%         4
 Excruciating Wounds      Necr           4%         N/A       96%         5
 Blade Hands              Tmut           0%         N/A       99%         5
 Metabolic Englaciation   Hex/Ice        0%         N/A       99%         5
 Summon Mana Viper        Hex/Summ       1%         N/A       99%         5
 Yara's Violent Unravell  Hex/Tmut       0%         3d3       99%         5
 Dispersal                Tloc           0%         N/A       100%        6
 Statue Form              Tmut/Erth      0%         N/A       100%        6
 Monstrous Menagerie      Summ           0%         N/A       100%        7
 Borgnjor's Revivificati  Necr           4%         N/A       100%        8
 Necromutation            Tmut/Necr      2%         N/A       100%        8
 Death's Door             Necr           4%         N/A       100%        9

Inventory:

Hand Weapons
 a - a +6 short sword of draining {short}
   (You took it off Duvessa on level 7 of the Dungeon)
 b - a +2 short sword of holy wrath (weapon) {short}
   (You took it off a kobold on level 3 of the Dungeon)
 p - a +0 quarterstaff {staff}
   (You found it on level 2 of the Dungeon)
 t - a +0 dagger {short}
 z - a +3 short sword of venom {short}
   (You found it on level 4 of the Dungeon)
Missiles
 f - 202 stones {throwing}
 q - 3 curare-tipped darts {=fthrowing}
 u - 13 boomerangs {throwing}
 B - 22 poisoned darts {throwing}
 C - 2 javelins {throwing}
 D - a throwing net {=f!fthrowing}
 M - 3 boomerangs of dispersal {=f!fthrowing}
Armour
 c - a +0 robe
 d - a +0 buckler (worn)
 n - a +0 pair of gloves (melded)
   (You found it on level 2 of the Dungeon)
 r - the +1 leather armour of Hedge Wizardry {rC+ Stlth+}
   (You found it on level 3 of the Dungeon)

   rC:        It protects you from cold.
   Stlth:     It makes you more stealthy.
 v - a +2 helmet
   (You found it on level 4 of the Dungeon)
 w - the +1 leather armour "Riunid" (melded) {rN+ Slay+5}
   (You found it on level 4 of the Dungeon)

   Slay:      It affects your accuracy & damage with ranged weapons and melee
   (+5).
   rN:        It protects you from negative energy.
 A - a +1 helmet of intelligence (melded)
   (You found it on level 7 of the Dungeon)
Jewellery
 e - a +4 ring of evasion
   (You found it on level 5 of the Dungeon)
 j - an amulet of the acrobat (around neck)
   (You bought it in a shop on level 8 of the Dungeon)
 l - a +4 ring of evasion (left branch)
   (You found it on level 2 of the Dungeon)
 m - a ring of protection from fire
   (You found it on level 2 of the Dungeon)
 F - a ring of wizardry
   (You found it on level 7 of the Dungeon)
 H - a ring of positive energy
   (You found it on level 9 of the Dungeon)
 I - a ring of protection from fire
   (You found it on level 8 of the Dungeon)
 K - a ring of ice
   (You took it off an orc on level 8 of the Dungeon)
 L - an amulet of guardian spirit
   (You found it on level 9 of the Dungeon)
 P - a +4 ring of slaying (right branch)
   (You found it on level 11 of the Dungeon)
Wands
 y - a wand of iceblast (5)
   (You found it on level 6 of the Dungeon)
 E - a wand of flame (23)
   (You found it on level 6 of the Dungeon)
 G - a wand of acid (6)
   (You took it off a kobold on level 7 of the Dungeon)
Scrolls
 g - a scroll of brand weapon
 i - a scroll of vulnerability {!r!r}
 k - 2 scrolls of fog
 o - 2 scrolls of teleportation {@r4}
 s - 2 scrolls of magic mapping {!r}
 x - 3 scrolls of fear
 J - 4 scrolls of identify {@r1}
Potions
 O - a potion of brilliance

Dungeon Overview and Level Annotations

Branches:
Dungeon (11/15)            Temple (0/1) D:5             Orc (0/2) D:9
   Lair: D:8-11

Shops:
D:3 *   D:8 (=(

Annotations:
D:2 1 runed translucent door, Crazy Yiuf
D:10 Nergalle, Sonja

..# #........,* ..###### *
###......z, ........ ,,
.....?.. ........ *
,#....., , ..##### , #.z.
, ..# * .##* *#z### * ..#
* ....# #..z# #########
<.# , ###...###z##
#........ .##
..)..).♣zz.## #........ ##
*
**#########...####>.......
# , #.#............. * *
#.######........ #.>.##
#........ , ###..#
#.†...... * ##.# #........
, * #.# #........ ,
#.######.####


You could see 3 skeletal warriors.


Message History

The skeletal warrior completely misses you.
You barely miss the skeletal warrior.
You hit the skeletal warrior but do no damage.
The skeletal warrior completely misses you.
You hit the skeletal warrior.
The skeletal warrior convulses.
The skeletal warrior misses you.
You puncture the skeletal warrior!
The skeletal warrior convulses.
You hit the skeletal warrior but do no damage.
A skeletal warrior comes into view. It is wielding a +3 long sword.
You hit the skeletal warrior.
The skeletal warrior convulses.
You hit the skeletal warrior but do no damage.
You closely miss the skeletal warrior.
The skeletal warrior hits you with a +3 long sword! 😕 HP[-15]
You take 15 damage, and now have 73/88 hp.
Unknown command.
You hit the skeletal warrior but do no damage.
You puncture the skeletal warrior!
The skeletal warrior convulses!
A skeletal warrior comes into view. It is wielding a +0 scimitar.
The skeletal warrior hits you with a +3 long sword! 😮 HP[-11]
You take 11 damage, and now have 62/88 hp.
You hit the skeletal warrior.
The skeletal warrior convulses.
You hit the skeletal warrior but do no damage.
The skeletal warrior attacks as you move away!
You block the skeletal warrior's attack.
You hit the skeletal warrior but do no damage.
The skeletal warrior closely misses you.
The skeletal warrior completely misses you.
You hit the skeletal warrior but do no damage. 😮 HP[+1]
You puncture the skeletal warrior!
The skeletal warrior convulses!
You block the skeletal warrior's attack.
The skeletal warrior hits you with a +3 long sword! 😮 HP[-12]
You take 12 damage, and now have 51/88 hp.
You hit the skeletal warrior.
The skeletal warrior convulses.
The skeletal warrior hits you from afar with a +0 trident!!
* * * LOW HITPOINT WARNING * * *
😨 HP[-26]
You take 26 damage, and now have 25/88 hp.
MASSIVE DAMAGE!! (PAUSE)
Okay, then.
The skeletal warrior attacks as you move away!
The skeletal warrior hits you with a +3 long sword!
* * * LOW HITPOINT WARNING * * *
😱 HP[-14]
You take 14 damage, and now have 11/88 hp.
Unknown command.
Casting: Swiftness (dangerous; 24% risk of failure)
Confirm with . or Enter, or press ? or * to list all spells.
You miscast Swiftness.
You are very lightly contaminated with residual magic.
Nothing appears to happen.
The skeletal warrior completely misses you. 😱 MP[-3]
You lost 3 mp, and now have 14/17 mp.
Okay, then.
There is an escape hatch in the floor here. 😱 HP[+1] Really quaff
h - a potion of lignification {!q}?
Really quaff the potion of lignification?
You turn into a tree.
Your +1 helmet of intelligence melds into your body.
Your +0 pair of gloves melds into your body.
The +1 leather armour "Riunid" {rN+ Slay+5} melds into your body.
You feel stupid.
Your roots penetrate the ground.
The skeletal warrior hits you with a +3 long sword!
* * * LOW HITPOINT WARNING * * *
😱 HP[-9]
You now have 132 max hp (+44).
You are confused.
You feel invigorated.
The skeletal warrior hits you but does no damage. 😱 HP[+5] MP[+3]
You regained 5 hp, and now have 8/132 hp.
Your mp is fully restored (17).
You closely miss the skeletal warrior. 😱 HP[+3]
You regained 3 hp, and now have 11/132 hp.
You attack the stone wall.
The skeletal warrior hits you but does no damage.
The skeletal warrior hits you with a +3 long sword.
* * * LOW HITPOINT WARNING * * *
😱 HP[-3]
You take 3 damage, and now have 8/132 hp.
You attack the stone wall. 😱 HP[+2]
You regained 2 hp, and now have 10/132 hp.
You attack the stone wall.
The skeletal warrior hits you from afar with a +0 trident.
* * * LOW HITPOINT WARNING * * *
The skeletal warrior hits you with a +3 long sword.
* * * LOW HITPOINT WARNING * * *
😱 HP[-5]
You take 5 damage, and now have 5/132 hp.
You hit the skeletal warrior but do no damage.
The skeletal warrior hits you from afar with a +0 trident!
You die...

Skill      XL: |  1  2  3  4  5  6  7  8  9 10 |
---------------+-------------------------------+-----
Shields        | 2 |  2.0
Fighting       | 1 2 3 4 5 |  5.2
Short Blades   | 1 3 4 7 9 10 | 10.5
Dodging        | 3 4 7 8 11 | 11.7
Spellcasting   | |  1.7
Necromancy     | |  1.8
Air Magic      | |  2.7

Action                   |  1- 3 |  4- 6 |  7- 9 | 10-12 || total
-------------------------+-------+-------+-------+-------++-------
Melee: Dagger            |   117 |    65 |       |       ||   182
       Short sword       |       |    49 |   255 |   334 ||   638
Throw: Dart              |       |       |       |     1 ||     1
 Cast: Pain              |    59 |    90 |    81 |    70 ||   300
       Swiftness         |       |       |       |     6 ||     6
  Use: Potion            |     4 |     2 |     5 |     5 ||    16
       Scroll            |       |     2 |     8 |     8 ||    18
 Stab: Sleeping          |     1 |       |       |     1 ||     2
       Distracted        |       |     1 |       |       ||     1
Armor: Robe              |    20 |     3 |       |       ||    23
       Skin              |    52 |       |    30 |     2 ||    84
       Leather armour    |       |    12 |    33 |    21 ||    66
Dodge: Dodged            |    55 |    78 |   134 |   290 ||   557
Block: Buckler           |    11 |    13 |    57 |    68 ||   149

Levels and vault maps discovered:
D:1:      sevenhm_arrival_forest_fort_small_2, layout_loops_ring
D:2:      layout_basic, basic_ecumenical_altar, uniq_jessica,
          uniq_crazy_yiuf_cottage
D:3:      layout_loops_ring, serial_shops, shop_statue,
          wander_ebering_terrifying_dragon_lair, uniq_natasha
D:4:      layout_basic, uniq_grinder
D:5:      layout_loops_ring, minmay_temple_entry_sparse_star
D:6:      layout_basic, overflow_temple_1_default, kb_rosetta, uniq_pikel
D:7:      layout_basic, hex_tiny, hangedman_decor_opposing, uniq_maggie,
          uniq_duvessa
D:8:      layout_loops_corners, special_room [special_room_orc], serial_shops,
          kennysheep_mini, nicolae_shop_waterfront, nicolae_stop_n_shop_2,
          minmay_misc_feat_more_columns
D:9:      layout_roguey, david_orc_4
D:10:     layout_cave_pools, kennysheep_kite_vault, uniq_sonja
D:11:     layout_rooms, erik_lair_dragon, uniq_nergalle

Notes
Turn   | Place    | Note
-------+----------+-------------------------------------------
     0 | D:1      | spaghetti the Demigod Wanderer began the quest for the Orb.
     0 | D:1      | spaghetti set off with the following items: a +0 dagger
                  | {short}, a scroll of fear, a +0 robe, a +0 buckler; and the
                  | following spells available to memorise: Animate Skeleton,
                  | Pain, Shock, Swiftness, Anguish
     0 | D:1      | Reached XP level 1. HP: 14/14 MP: 5/5
     0 | D:1      | magus.rc [v1.9.6]
     4 | D:1      | Noticed a death yak
    54 | D:1      | Learned a level 1 spell: Pain
   212 | D:1      | Reached skill level 2 in Shields
   237 | D:1      | Reached skill level 1 in Fighting
   335 | D:1      | Reached XP level 2. HP: 23/23 MP: 2/7
   567 | D:1      | You add the spells Tukima's Dance, Passage of Golubria and
                  | Yara's Violent Unravelling to your library.
  1050 | D:1      | Reached skill level 2 in Fighting
  1379 | D:2      | Reached XP level 3. HP: 27/30 MP: 3/8
  1798 | D:2      | Reached skill level 3 in Fighting
  2039 | D:2      | Noticed Jessica
  2044 | D:2      | Killed Jessica
  2045 | D:2      | Reached XP level 4. HP: 37/38 MP: 7/9
  2286 | D:2      | Found a runed translucent door.
  2287 | D:2      | Noticed Crazy Yiuf
  2582 | D:3      | Gained mutation: You passively map a small area around you.
                  | [potion of mutation]
  3284 | D:3      | Found Lesoc's General Store.
  3284 | D:3      | Identified the +1 leather armour of Hedge Wizardry {rC+
                  | Stlth+}
  3349 | D:3      | Reached skill level 4 in Fighting
  3670 | D:3      | Noticed Natasha
  3682 | D:3      | Killed Natasha
  3683 | D:3      | Reached XP level 5. HP: 35/47 MP: 7/10
  4130 | D:4      | Noticed an ogre
  4139 | D:4      | Killed an ogre
  4140 | D:4      | Reached skill level 5 in Fighting
  4358 | D:4      | Identified the +1 leather armour "Riunid" {rN+ Slay+5}
  4633 | D:4      | Reached skill level 1 in Short Blades
  4633 | D:4      | Reached XP level 6. HP: 52/56 MP: 4/11
  4768 | D:4      | Noticed Grinder
  4773 | D:4      | Paralysed by Grinder for 6 turns
  4783 | D:4      | Paralysed by Grinder for 3 turns
  4786 | D:4      | Killed Grinder
  4787 | D:4      | Reached skill level 2 in Short Blades
  4787 | D:4      | Reached skill level 2 in Dodging
  5151 | D:4      | Learned a level 3 spell: Swiftness
  5153 | D:4      | Reached skill level 3 in Short Blades
  5205 | D:5      | Entered Level 5 of the Dungeon
  5219 | D:5      | Reached skill level 3 in Dodging
  5219 | D:5      | Reached XP level 7. HP: 60/61 MP: 9/12
  5359 | D:5      | You pick up a book of Burglary and begin reading...
  5359 | D:5      | You add the spells Passwall and Ensorcelled Hibernation to
                  | your library.
  5425 | D:5      | Reached skill level 4 in Short Blades
  5492 | D:5      | Reached skill level 4 in Dodging
  5592 | D:5      | Found a staircase to the Ecumenical Temple.
  5618 | D:5      | You add the spells Borgnjor's Revivification, Necromutation
                  | and Death's Door to your library.
  5888 | D:5      | Reached XP level 8. HP: 49/68 MP: 5/13
  5892 | D:5      | Reached skill level 5 in Short Blades
  6260 | D:6      | Reached skill level 5 in Dodging
  6856 | D:6      | Reached skill level 6 in Short Blades
  6870 | D:6      | Noticed a cyclops
  6881 | D:6      | Killed a cyclops
  6882 | D:6      | Reached skill level 6 in Dodging
  7031 | D:6      | Noticed a troll
  7038 | D:6      | Killed a troll
  7107 | D:6      | Noticed a two-headed ogre
  7114 | D:6      | Killed a two-headed ogre
  7115 | D:6      | Reached skill level 7 in Short Blades
  7115 | D:6      | Reached skill level 7 in Dodging
  7115 | D:6      | Reached XP level 9. HP: 74/74 MP: 14/14
  7285 | D:6      | Noticed Pikel
  7293 | D:6      | Killed Pikel
  7294 | D:6      | Reached skill level 8 in Short Blades
  7294 | D:6      | Reached skill level 8 in Dodging
  7825 | D:6      | You add the spells Gell's Gravitas, Teleport Other and
                  | Dispersal to your library.
  8299 | D:7      | Noticed Dowan
  8301 | D:7      | Noticed Duvessa
  8317 | D:7      | Killed Dowan
  8322 | D:7      | Killed Duvessa
  8425 | D:7      | Noticed Maggie
  8545 | D:7      | Killed Maggie
  9106 | D:7      | Reached skill level 9 in Short Blades
  9106 | D:7      | Reached XP level 10. HP: 75/81 MP: 13/15
  9302 | D:8      | Reached skill level 9 in Dodging
  9451 | D:8      | Noticed a death knight
  9451 | D:8      | Noticed a phantasmal warrior
  9463 | D:8      | Killed a phantasmal warrior
  9465 | D:8      | HP: 4/81 [freezing wraith[a death knight] (21)]
  9506 | D:8      | Found Poneamp's Antique Weapon Boutique.
 10340 | D:8      | You pick up a book of Necromancy and begin reading...
 10390 | D:8      | Noticed a phantasmal warrior
 10408 | D:8      | Killed a phantasmal warrior
 10734 | D:8      | Noticed a two-headed ogre
 10745 | D:8      | Killed a two-headed ogre
 10746 | D:8      | Reached skill level 10 in Short Blades
 10746 | D:8      | Reached skill level 10 in Dodging
 11064 | D:8      | HP: 15/81 [??? (10)]
 11431 | D:8      | HP: 13/81 [freezing wraith[a death knight] (10)]
 11799 | D:8      | Killed a death knight
 11802 | D:8      | HP: 17/81 [freezing wraith[a death knight] (10)]
 12097 | D:8      | HP: 10/81 [freezing wraith[a death knight] (18)]
 12516 | D:8      | Found Nudul's Jewellery Shop.
 12519 | D:8      | Bought an amulet of the acrobat for 420 gold pieces
 12741 | D:8      | Found Ponom's Antique Weapon Boutique.
 13060 | D:9      | You pick up a book of Beasts and begin reading...
 13060 | D:9      | You add the spells Summon Ice Beast, Summon Mana Viper and
                  | Monstrous Menagerie to your library.
 13558 | D:9      | You pick up a book of Weapons and begin reading...
 13558 | D:9      | You add the spells Portal Projectile, Excruciating Wounds
                  | and Blade Hands to your library.
 13592 | D:10     | Entered Level 10 of the Dungeon
 13592 | D:10     | Noticed a two-headed ogre
 13621 | D:9      | Killed a two-headed ogre
 13622 | D:9      | Reached skill level 11 in Dodging
 13622 | D:9      | Reached XP level 11. HP: 35/88 MP: 13/17
 14554 | D:9      | Found a staircase to the Orcish Mines.
 14771 | D:10     | You pick up a book of Sloth and begin reading...
 14771 | D:10     | You add the spells Petrify, Metabolic Englaciation and
                  | Statue Form to your library.
 15109 | D:10     | Noticed Sonja
 15137 | D:11     | Noticed Nergalle
 15137 | D:11     | Noticed a seven-headed hydra
 15444 | D:11     | Noticed a skeletal warrior
 15444 | D:11     | Noticed a skeletal warrior
 15456 | D:11     | Noticed a skeletal warrior
 15460 | D:11     | Noticed a skeletal warrior
 15468 | D:11     | HP: 11/88 [skeletal warrior/+3 long sword (14)]
 15471 | D:11     | HP: 3/132 [skeletal warrior/+3 long sword (15)]
 15476 | D:11     | HP: 10/132 [skeletal warrior/+0 trident[a skeletal warrior]
                  | (4)]
 15477 | D:11     | Mangled by a skeletal warrior

Vanquished Creatures
  A death knight (D:8)
  3 two-headed ogres
  2 phantasmal warriors (D:8)
  Pikel (D:6)
  A cyclops (D:6)
  A manticore (D:11)
  Maggie (D:7)
  A kobold demonologist (D:9)
  2 freezing wraiths (D:8)
  Grinder (D:4)
  2 trolls
  A shadow (D:9)
  A yak (D:6)
  A steam dragon (D:8)
  An acid dragon (D:10)
  A water moccasin (D:6)
  Duvessa (D:7)
  6 orc warriors
  A black bear (D:5)
  2 sky beasts (D:5)
  3 ogres
  3 centaurs
  2 phantoms
  2 kobold brigands
  3 bullfrogs
  A necrophage (D:6)
  3 scorpions
  Dowan (D:7)
  16 killer bees
  4 howler monkeys
  6 hounds
  A jelly (D:6)
  6 orc priests
  Jessica (D:2)
  Natasha (D:3)
  4 iguanas
  11 orc wizards
  5 adders
  2 white imps (D:6)
  2 ufetubi (D:5)
  2 worms
  5 dart slugs
  58 orcs
  4 bats (D:1)
  4 endoplasms
  5 giant cockroaches
  10 goblins
  6 hobgoblins
  3 jackals (D:5)
  15 kobolds
  6 quokkas
  3 ball pythons
  A frilled lizard (D:3)
  9 rats
239 creatures vanquished.

Vanquished Creatures (others)
  An orc wizard (D:10)
1 creature vanquished.

Grand Total: 240 creatures vanquished

Table legend:
 A = Non-vault XP
 B = Vault XP
 C = Vault XP percentage of total XP
 D = Non-vault monster count
 E = Vault monster count
 F = Vault count percentage of total count
                 A         B        C        D         E       F
            +---------+---------+-------+---------+---------+-------
      Total |   11144 |    4186 |  27.3 |     193 |      47 |  19.6
            +---------+---------+-------+---------+---------+-------
        D:1 |      35 |       0 |   0.0 |      18 |       0 |   0.0
        D:2 |      66 |      37 |  35.9 |      22 |       1 |   4.3
        D:3 |      75 |      36 |  32.4 |      16 |       2 |  11.1
        D:4 |     289 |     295 |  50.5 |      14 |       1 |   6.7
        D:5 |     884 |       0 |   0.0 |      27 |       0 |   0.0
        D:6 |     989 |    2451 |  71.2 |      26 |       5 |  16.1
        D:7 |     919 |     587 |  39.0 |      20 |       3 |  13.0
        D:8 |    4804 |     243 |   4.8 |      25 |      24 |  49.0
        D:9 |    2365 |     429 |  15.4 |      20 |      10 |  33.3
       D:10 |     177 |     108 |  37.9 |       4 |       1 |  20.0
       D:11 |     541 |       0 |   0.0 |       1 |       0 |   0.0
            +---------+---------+-------+---------+---------+-------

Illustrated notes

Table legend:
 A = Kills in this place as a percentage of kills in entire the game.
 B = Kills by you in this place as a percentage of kills by you in the entire game.
 C = Kills by friends in this place as a percentage of kills by friends in the entire game.
 D = Other kills in this place as a percentage of other kills in the entire game.
 E = Experience gained in this place as a percentage of experience gained in the entire game.
 F = Experience gained in this place divided by the number of levels of this place that you have seen.
                   A       B       C       D       E      F
               +-------+-------+-------+-------+-------+----------------------
         Total | 100.0 | 100.0 |   N/A | 100.0 | 100.0 | 1393.6
       Dungeon | 100.0 | 100.0 |   N/A | 100.0 | 100.0 | 1393.6
               +-------+-------+-------+-------+-------+----------------------

Table legend: (Time is in decaauts)
 A = Elapsed time spent in this place.
 B = Non-inter-level travel time spent in this place.
 C = Inter-level travel time spent in this place.
 D = Time resting spent in this place.
 E = Time spent auto-exploring this place.
 F = Levels seen in this place.
 G = Mean time per level.
                   A        B        C        D        E       F      G
               +--------+--------+--------+--------+--------+-----+--------+
         Total |  15298 |  14930 |    368 |   2572 |  10099 |  11 | 1390.7 |
       Dungeon |  15298 |  14930 |    368 |   2572 |  10099 |  11 | 1390.7 |
               +--------+--------+--------+--------+--------+-----+--------+

Top non-repeatable levels by time:
     D:7: 2631 daAuts
     D:8: 2461 daAuts
     D:6: 1755 daAuts
     D:3: 1691 daAuts
     D:9: 1394 daAuts
     D:4: 1213 daAuts
     D:2: 1168 daAuts
     D:1: 1142 daAuts
     D:5: 1022 daAuts
    D:10: 543 daAuts
    D:11: 273 daAuts
